 Dungeon Crawl Stone Soup version 0.31.0-11-ge490571c62 (webtiles) character file.

Game seed: 7192686349113403435

1050 bearlyready the Mimic (level 8, 0/48 HPs)
             Began as an Octopode Shapeshifter on Feb 7, 2024.
             Slain by a centaur (1 damage)
             ... on level 6 of the Dungeon.
             The game lasted 00:08:28 (4888 turns).

bearlyready the Mimic (Octopode Shapeshifter)       Turns: 4888, Time: 00:08:28

Health: 0/48       AC:  1    Str: 15    XL:     8   Next: 26%
Magic:  8/8        EV: 13    Int: 13    God:
Gold:   310        SH:  0    Dex: 17    Spells: 7/7 levels left

rFire   . . .        n - +3 whip (elec)
rCold   + . .        (no shield)
rNeg    . . .        (helmet currently unavailable)
rPois   .            (no amulet)
rElec   .            i - +6 ring of dexterity
rCorr   .            r - ring of flight
SInv    .            u - ring of protection from cold
Will    .....        (no ring)
Stlth   +++          (no ring)
HPRegen 0.28/turn    (no ring)
MPRegen 0.11/turn    (no ring)
                     (no ring)

%: no passive effects
@: beast-form, flying
A: beast (slay +4), almost no armour, amphibious, 8 rings, camouflage 1,
gelatinous body 1, (nimble swimmer 1), tentacles
a: Begin Untransformation


You were on level 6 of the Dungeon.
You were a hulking beast.
You visited 1 branch of the dungeon, and saw 6 of its levels.
You also visited: Ossuary.

You collected 310 gold pieces.

Inventory:

Hand Weapons
 n - a +3 whip of electrocution (weapon)
 v - a +2 dagger of venom
 x - a +2 short sword of electrocution
 C - the +9 rapier of Crystal {flame, MP+9}
   (You found it on level 4 of the Dungeon)

   MP+9:      It affects your magic capacity (+9).
Missiles
 f - 38 stones (quivered)
 h - 6 poisoned darts
Jewellery
 e - an amulet of faith
 i - a +6 ring of dexterity (left tentacle)
 r - a ring of flight (right tentacle)
 u - a ring of protection from cold (on tentacle)
Talismans
 b - a beast talisman
 c - a flux talisman
 K - a blade talisman
Wands
 B - a wand of quicksilver (5)
 L - a wand of digging (7)
Scrolls
 d - a scroll of summoning {unknown}
 g - 5 scrolls of identify {unknown}
 k - a scroll of revelation {unknown}
 m - 2 scrolls of enchant weapon {unknown}
 q - a scroll of enchant armour
 y - 2 scrolls of poison {unknown}
 A - a scroll of amnesia {unknown}
 G - a scroll of vulnerability {unknown}
 H - 2 scrolls of fog {unknown}
 I - a scroll of fear {unknown}
 J - 2 scrolls of teleportation {unknown}
 M - a scroll of torment {unknown}
Potions
 a - a potion of lignification
 j - a potion of enlightenment {unknown}
 l - 2 potions of haste {unknown}
 o - 4 potions of mutation {unknown}
 p - 3 potions of brilliance {unknown}
 s - a potion of ambrosia {unknown}
 t - 2 potions of heal wounds {unknown}
 w - 3 potions of berserk rage {unknown}
 z - 4 potions of attraction {unknown}
 D - a potion of magic {unknown}
 E - 2 potions of curing {unknown}
 F - 2 potions of degeneration {unknown}


   Skills:
 - Level 1.0 Fighting
 - Level 2.0 Dodging
 - Level 4.0 Unarmed Combat
 + Level 8.8 Shapeshifting


You had 7 spell levels left.
You didn't know any spells.
Your spell library contained the following spells:

 Spells                   Type           Power      Damage    Failure   Level
 Freeze                   Ice            0%         1d3       30%         1
 Necrotise                Necr           0%         1d4       30%         1
 Slow                     Hex            0%         N/A       30%         1
 Ensorcelled Hibernation  Hex/Ice        0%         N/A       43%         2
 Confusing Touch          Hex            0%         N/A       67%         3
 Frozen Ramparts          Ice            0%         1d1       67%         3
 Fugue of the Fallen      Necr           0%         N/A       67%         3
 Hailstorm                Conj/Ice       0%         3d5       67%         3
 Sigil of Binding         Hex            0%         N/A       67%         3
 Vampiric Draining        Necr           0%         2d6       67%         3
 Anguish                  Hex/Necr       0%         N/A       97%         4
 Martyr's Knell           Necr/Summ      0%         N/A       97%         4
 Curse of Agony           Necr           0%         N/A       100%        5


Dungeon Overview and Level Annotations

Branches:
Dungeon (6/15)            Ossuary (visited)
 Temple: D:4-7

Altars:
Ashenzari

Shops:
D:3 (

Annotations:
D:5 3 runed translucent doors, PaiMei's ghost, novice DsNe


Innate Abilities, Weirdness & Mutations

You are a hulking beast.
Your limbs bulge with bestial killing power. (Slay +4)
You cannot wear most types of armour.
You are amphibious.
You can wear up to eight rings at the same time.
Your skin changes colour to match your surroundings (Stealth+).
Your rubbery body absorbs attacks. (AC +1, EV +1)
((You are camouflaged when in or above water. (Stealth+)))
You have tentacles for arms and can constrict up to eight enemies at once.


Message History

You hear a distant slurping noise.
You whack the bullfrog! Your grab misses the bullfrog.
The bullfrog is moderately wounded.
The bullfrog misses you. The bullfrog hits you.
You whack the bullfrog! You grab the bullfrog.
The bullfrog is heavily wounded.
You constrict the bullfrog. The bullfrog hits you!
You hit the bullfrog.
The bullfrog is severely wounded.
You constrict the bullfrog. The bullfrog barely misses you.
The bullfrog completely misses you.
You hit the bullfrog.
You kill the bullfrog!
No target in view!
No target in view!
You hear a distant slurping noise.
o - 4 fizzy emerald potions (gained 1)
A centaur comes into view.
A centaur is nearby!
A centaur is nearby!
A centaur is nearby!
You hear a distant slurping noise.
You hear a squelching noise.
You see here a +0 spear.
Found 12 gold pieces.
The centaur shouts!
You hear a shout!
The centaur wields a +0 orcbow.
The centaur shoots an arrow.
The arrow hits you!
You are too injured to fight recklessly!
You are too injured to fight recklessly!
An orc comes into view. It is wielding a +0 short sword.
The centaur shoots an arrow.
The arrow hits you!
The centaur shoots an arrow.
The arrow hits you!
* * * LOW HITPOINT WARNING * * *
An orc wizard comes into view. It is wielding a +0 dagger of draining.
An orc comes into view. It is wielding a +0 short sword.
The orc wizard casts a spell.
The orc wizard flickers and vanishes!
Deactivating autopickup; reactivate with Ctrl-A.
The centaur unwields a +0 orcbow.
The centaur hits you.
You die...

#... ... {.. ...
..##o.. #..##..#..# ...
..#....o.# .#. ....#
#........## .... #..##
#.........#
#..##...###......#
#.......##..hc.#
###..............#
#.#...[..........#
##..........)....##
##....................
#.........#.#.........
..........##...........
..........####...#.....
.....##....#....##..##.


You could see a centaur and 2 orcs.

Vanquished Creatures
  2 ogres
  A bullfrog (D:6)
  A scorpion (D:5)
  A howler monkey (D:5)
  2 bombardier beetles
  2 orc priests (D:3)
  3 hounds
  2 jellies
  3 iguanas
  Natasha (thrice) (D:4)
  3 hound zombies (Ossuary)
  4 mummies (Ossuary)
  5 gnolls
  5 adders
  2 white imps
  2 adder zombies (Ossuary)
  A ribbon worm (D:3)
  9 orcs
  4 ball pythons
  6 endoplasms
  2 giant cockroaches (D:3)
  15 goblins
  4 hobgoblins
  9 kobolds
  3 quokkas
  9 bats
  3 frilled lizards
  A hobgoblin zombie (Ossuary)
  A jackal zombie (Ossuary)
  3 kobold zombies (Ossuary)
  An orc zombie (Ossuary)
  5 rats
  A rat zombie (Ossuary)
118 creatures vanquished.

Notes
Turn   | Place    | Note
-------+----------+-------------------------------------------
     0 | D:1      | bearlyready the Octopode Shapeshifter began the quest for
                  | the Orb.
     0 | D:1      | Reached XP level 1. HP: 13/13 MP: 1/1
   229 | D:1      | Found a faded altar of an unknown god.
   361 | D:1      | Reached XP level 2. HP: 17/18 MP: 2/2
   899 | D:2      | Reached XP level 3. HP: 22/23 MP: 3/3
  1793 | D:3      | Reached XP level 4. HP: 28/28 MP: 4/4
  1801 | D:3      | Reached skill level 4 in Shapeshifting
  1804 | D:3      | Reached XP level 5. HP: 11/33 MP: 5/5
  2095 | D:3      | Found Julil's Weapon Shoppe.
  2226 | D:3      | Reached skill level 5 in Shapeshifting
  2915 | D:4      | Reached XP level 6. HP: 16/38 MP: 6/6
  3022 | D:4      | Noticed Natasha
  3160 | D:4      | Reached skill level 6 in Shapeshifting
  3262 | D:4      | Killed Natasha
  3324 | D:4      | Identified the +9 rapier of Crystal {flame, MP+9}
  3341 | D:4      | Noticed Natasha
  3346 | D:4      | Killed Natasha
  3375 | D:4      | Noticed Natasha
  3382 | D:4      | Killed Natasha
  3383 | D:4      | Reached XP level 7. HP: 42/43 MP: 7/7
  3438 | D:4      | Reached skill level 7 in Shapeshifting
  3571 | D:5      | Entered Level 5 of the Dungeon
  3696 | D:5      | Noticed PaiMei's ghost (novice DsNe)
  3728 | D:5      | Found a runed translucent gate.
  3728 | D:5      | Found a runed translucent gate.
  3728 | D:5      | Found a runed translucent gate.
  3973 | D:5      | Found a sand-covered staircase.
  3980 | Ossuary  | Entered an ossuary
  4042 | Ossuary  | Reached skill level 8 in Shapeshifting
  4355 | D:5      | Found a broken altar of Ashenzari.
  4452 | D:5      | Reached XP level 8. HP: 47/48 MP: 8/8
  4887 | D:6      | HP: 1/48 [centaur/arrow (15)]
  4888 | D:6      | Slain by a centaur

Illustrated notes

Levels and vault maps discovered:
D:1:      dpeg_cavernosity, layout_basic, basic_ecumenical_altar
D:2:      layout_basic, minmay_hexomino_u4
D:3:      minmay_octagon_keep, layout_loops_corners, serial_shops,
          nicolae_shop_bloodbath_and_beyond, chequers_serial_rivers_small_3,
          nicolae_concentric_dashed_squares_wild
D:4:      layout_rooms, serial_park_tiny_2, uniq_natasha
D:5:      layout_basic, nicolae_ashenzari_panopticon, gammafunk_ghost_icy,
          chequers_ossuary_entry_cave
D:6:      layout_cave_pools, kiku_gazebo_pond_becter, amcnicky_altar_gilded,
          mainiacjoe_overflow_24_doors, nzn_hepliaklqana_mist_gate,
          uniq_grinder, uniq_blork_the_orc, uniq_duvessa

Skill      XL: |  1  2  3  4  5  6  7 |
---------------+----------------------+-----
Unarmed Combat | 4 |  4.0
Shapeshifting  | 4 5 6 8 |  8.8
Fighting       | |  1.0
Dodging        | |  2.0

Action                     |  1- 3 |  4- 6 |  7- 9 || total
---------------------------+-------+-------+-------++-------
  Melee: Unarmed           |    38 |       |       ||    38
         Tentacles         |    12 |    14 |    25 ||    51
         Constrict         |    12 |    17 |    21 ||    50
         Punch             |     3 |     3 |     5 ||    11
         Whip              |    20 |    53 |    50 ||   123
         Dagger            |       |    26 |    28 ||    54
    Use: Potion            |       |     1 |     1 ||     2
         Scroll            |       |       |     1 ||     1
   Stab: Sleeping          |    14 |     5 |     3 ||    22
 Armour: Skin              |    22 |    38 |   103 ||   163
  Dodge: Dodged            |    22 |    41 |    58 ||   121
